| TOP OF THE 1ST |
|
Cincinnati Reds batting - Pitching for Charlotte Knights : RHP Ron Robinson
|
|
Pitching: RHP Ron Robinson
|
|
|
Batting: LHB Fernando Vina
|
0-0: Ball 1-0: Ball 2-0: Called Strike 2-1: Ground out 6-3 (Groundball, 6, EV 98.8 MPH)
|
|
Batting: RHB Scott Rolen
|
0-0: Swinging Strike 0-1: Called Strike 0-2: Ground out U3 (Groundball, 34, EV 105.0 MPH)
|
|
Batting: SHB Bernie Williams
|
0-0: Swinging Strike 0-1: Called Strike 0-2: Strikes out looking
|
| Top of the 1st over - 0 runs, 0 hits, 0 errors, 0 left on base; Cincinnati 0 - Charlotte 0 |
| BOTTOM OF THE 1ST |
|
Charlotte Knights batting - Pitching for Cincinnati Reds : RHP Brad Radke
|
|
Pitching: RHP Brad Radke
|
|
|
Batting: RHB Ruben Rivera
|
0-0: Swinging Strike 0-1: Ball 1-1: Foul Ball, location: 2F 1-2: Ball 2-2: Strikes out swinging
|
|
Batting: LHB Jason Giambi
|
0-0: Foul Ball, location: 2F 0-1: Called Strike 0-2: Strikes out swinging
|
|
Batting: SHB Carl Everett
|
0-0: Ball 1-0: Ground out 4-3 (Groundball, 4, EV 101.9 MPH)
|
| Bottom of the 1st over - 0 runs, 0 hits, 0 errors, 0 left on base; Cincinnati 0 - Charlotte 0 |
| TOP OF THE 2ND |
|
Cincinnati Reds batting - Pitching for Charlotte Knights : RHP Ron Robinson
|
|
Batting: LHB Bobby Higginson
|
0-0: Ball 1-0: Foul Ball, location: 2F 1-1: Ball 2-1: Ground out 4-3 (Groundball, 34D, EV 107.5 MPH)
|
|
Batting: RHB Javy Lopez
|
0-0: Ball 1-0: Fly out, F7 (Flyball, 7LS, EV 95.6 MPH)
|
|
Batting: LHB Fred McGriff
|
0-0: Ball 1-0: Called Strike 1-1: Ball 2-1: Called Strike 2-2: Foul Ball, location: 2F 2-2: Strikes out swinging
|
| Top of the 2nd over - 0 runs, 0 hits, 0 errors, 0 left on base; Cincinnati 0 - Charlotte 0 |
| BOTTOM OF THE 2ND |
|
Charlotte Knights batting - Pitching for Cincinnati Reds : RHP Brad Radke
|
|
Batting: RHB Nomar Garciaparra
|
0-0: Called Strike 0-1: Ball 1-1: Called Strike 1-2: Ground out 6-3 (Groundball, 6, EV 101.3 MPH)
|
|
Batting: RHB Shane Mack
|
0-0: Ball 1-0: SINGLE (Flyball, 9LS, EV 93.1 MPH)
|
|
Batting: RHB Mark Carreon
|
0-0: Called Strike 0-1: Ball 1-1: Ball Shane Mack steals 2nd base 2-1: Foul Ball, location: 2F 2-2: Foul Ball, location: 2F 2-2: Fly out, F8 (Flyball, 78S, EV 88.1 MPH)
|
|
Batting: RHB Tony Batista
|
0-0: Ball 1-0: Fly out, F9 (Flyball, 9LM, EV 82.5 MPH)
|
| Bottom of the 2nd over - 0 runs, 1 hit, 0 errors, 1 left on base; Cincinnati 0 - Charlotte 0 |
| TOP OF THE 3RD |
|
Cincinnati Reds batting - Pitching for Charlotte Knights : RHP Ron Robinson
|
|
Batting: SHB Scott Spiezio
|
0-0: Called Strike 0-1: Fly out, F7 (Flyball, 7D, EV 91.9 MPH)
|
|
Batting: SHB Omar Vizquel
|
0-0: SINGLE (Line Drive, 9S, EV 91.3 MPH)
|
|
Batting: SHB Dwayne Hosey
|
0-0: Ball 1-0: Ball 2-0: Ball 3-0: Base on Balls Omar Vizquel to second
|
|
Batting: LHB Fernando Vina
|
0-0: Ball 1-0: Swinging Strike 1-1: Ball 2-1: Reached on error, E4 (Groundball, 4, EV 110.0 MPH) Omar Vizquel to third Dwayne Hosey to second
|
|
Batting: RHB Scott Rolen
|
0-0: Ball 1-0: Called Strike 1-1: Foul Ball, location: 2F 1-2: Ball 2-2: Strikes out swinging
|
|
Batting: SHB Bernie Williams
|
0-0: Ball 1-0: Called Strike 1-1: Fly out, F7 (Flyball, 7D, EV 88.1 MPH)
|
| Top of the 3rd over - 0 runs, 1 hit, 1 error, 3 left on base; Cincinnati 0 - Charlotte 0 |
| BOTTOM OF THE 3RD |
|
Charlotte Knights batting - Pitching for Cincinnati Reds : RHP Brad Radke
|
|
Batting: RHB Todd Zeile
|
0-0: Ball 1-0: Ball 2-0: Ball 3-0: Base on Balls
|
|
Batting: RHB George Arias
|
0-0: Bunt missed! 0-1: Bunted foul 0-2: Grounds into double play, 5-4-3 (Groundball, 56, EV 101.3 MPH)
|
|
Batting: RHB Ruben Rivera
|
0-0: Ball 1-0: Called Strike 1-1: Ball 2-1: Called Strike 2-2: Strikes out swinging
|
| Bottom of the 3rd over - 0 runs, 0 hits, 0 errors, 0 left on base; Cincinnati 0 - Charlotte 0 |
| TOP OF THE 4TH |
|
Cincinnati Reds batting - Pitching for Charlotte Knights : RHP Ron Robinson
|
|
Batting: LHB Bobby Higginson
|
0-0: DOUBLE (Line Drive, 89D, EV 102.5 MPH)
|
|
Batting: RHB Javy Lopez
|
0-0: Called Strike 0-1: Ball 1-1: Ground out 6-3 (Groundball, 6, EV 103.8 MPH)
|
|
Batting: LHB Fred McGriff
|
0-0: Ball 1-0: Ball 2-0: Foul Ball, location: 2F 2-1: SINGLE (Groundball, 6D, EV 93.8 MPH) Bobby Higginson to third Runner from 3rd tries for Home, SAFE, throw by LF to home
|
|
Batting: SHB Scott Spiezio
|
0-0: Foul Ball, location: 2F 0-1: Grounds into double play, 4-6-3 (Groundball, 4, EV 83.8 MPH)
|
| Top of the 4th over - 1 run, 2 hits, 0 errors, 0 left on base; Cincinnati 1 - Charlotte 0 |
| BOTTOM OF THE 4TH |
|
Charlotte Knights batting - Pitching for Cincinnati Reds : RHP Brad Radke
|
|
Batting: LHB Jason Giambi
|
0-0: Ball 1-0: Ball 2-0: Called Strike 2-1: Foul Ball, location: 2F 2-2: Foul Ball, location: 2F 2-2: Strikes out swinging
|
|
Batting: SHB Carl Everett
|
0-0: Called Strike 0-1: Ground out 6-3 (Groundball, 6, EV 78.1 MPH)
|
|
Batting: RHB Nomar Garciaparra
|
0-0: Ball 1-0: DOUBLE (Flyball, 8RXD, EV 101.9 MPH)
|
|
Batting: RHB Shane Mack
|
0-0: Ball 1-0: Fly out, F7 (Flyball, 7, EV 98.8 MPH)
|
| Bottom of the 4th over - 0 runs, 1 hit, 0 errors, 1 left on base; Cincinnati 1 - Charlotte 0 |
| TOP OF THE 5TH |
|
Cincinnati Reds batting - Pitching for Charlotte Knights : RHP Ron Robinson
|
|
Batting: SHB Omar Vizquel
|
0-0: Called Strike 0-1: Called Strike 0-2: Foul Ball, location: 2F 0-2: Ball 1-2: Ball 2-2: Fly out, F9 (Flyball, 9S, EV 72.5 MPH)
|
|
Batting: SHB Dwayne Hosey
|
0-0: Ground out 6-3 (Groundball, 6, EV 83.1 MPH)
|
|
Batting: LHB Fernando Vina
|
0-0: Foul Ball, location: 2F 0-1: Ball 1-1: Ground out 1-3 (Groundball, 34S, EV 68.8 MPH)
|
| Top of the 5th over - 0 runs, 0 hits, 0 errors, 0 left on base; Cincinnati 1 - Charlotte 0 |
| BOTTOM OF THE 5TH |
|
Charlotte Knights batting - Pitching for Cincinnati Reds : RHP Brad Radke
|
|
Batting: RHB Mark Carreon
|
0-0: Fly out, F8 (Flyball, 8RM, EV 84.4 MPH)
|
|
Batting: RHB Tony Batista
|
0-0: Called Strike 0-1: Called Strike 0-2: Ball 1-2: Ball 2-2: SINGLE (Flyball, 78M, EV 85.0 MPH)
|
|
Batting: RHB Todd Zeile
|
0-0: Called Strike Tony Batista steals 2nd, throwing error, E2 Tony Batista to third 0-1: Ball 1-1: Ball 2-1: Called Strike 2-2: Strikes out swinging
|
|
Batting: RHB George Arias
|
0-0: Foul Ball, location: 2F 0-1: Called Strike 0-2: Ball 1-2: Strikes out swinging
|
| Bottom of the 5th over - 0 runs, 1 hit, 1 error, 1 left on base; Cincinnati 1 - Charlotte 0 |
| TOP OF THE 6TH |
|
Cincinnati Reds batting - Pitching for Charlotte Knights : RHP Ron Robinson
|
|
Batting: RHB Scott Rolen
|
0-0: Ball 1-0: Called Strike 1-1: Foul Ball, location: 2F 1-2: Ball 2-2: Foul Ball, location: 2F 2-2: Fly out, F6 (Flyball, 56D, EV 86.3 MPH)
|
|
Batting: SHB Bernie Williams
|
0-0: Foul Ball, location: 2F 0-1: Swinging Strike 0-2: Fly out, F7 (Flyball, 7S, EV 79.4 MPH)
|
|
Batting: LHB Bobby Higginson
|
0-0: SINGLE (Line Drive, 7LS, EV 93.1 MPH)
|
|
Batting: RHB Javy Lopez
|
0-0: Ball 1-0: SINGLE (Groundball, 34S, EV 87.5 MPH) (infield hit) Bobby Higginson to second
|
|
Batting: LHB Fred McGriff
|
0-0: Called Strike 0-1: Ground out 4-3 (Groundball, 4MS, EV 76.3 MPH)
|
| Top of the 6th over - 0 runs, 2 hits, 0 errors, 2 left on base; Cincinnati 1 - Charlotte 0 |
| BOTTOM OF THE 6TH |
|
Charlotte Knights batting - Pitching for Cincinnati Reds : RHP Brad Radke
|
|
Batting: RHB Ruben Rivera
|
0-0: Ball 1-0: Called Strike 1-1: Fly out, F4 (Popup, 34S, EV 65.0 MPH)
|
|
Batting: LHB Jason Giambi
|
0-0: Foul Ball, location: 2F 0-1: Ball 1-1: Ground out 4-3 (Groundball, 4, EV 108.1 MPH)
|
|
Batting: SHB Carl Everett
|
0-0: Ball 1-0: Ball 2-0: Swinging Strike 2-1: Called Strike 2-2: Ground out 4-3 (Groundball, 4S, EV 73.1 MPH)
|
| Bottom of the 6th over - 0 runs, 0 hits, 0 errors, 0 left on base; Cincinnati 1 - Charlotte 0 |
| TOP OF THE 7TH |
|
Cincinnati Reds batting - Pitching for Charlotte Knights : RHP Ron Robinson
|
|
Batting: SHB Scott Spiezio
|
0-0: Called Strike 0-1: Ball 1-1: Swinging Strike 1-2: Ball 2-2: Strikes out swinging
|
|
Batting: SHB Omar Vizquel
|
0-0: Foul Ball, location: 2F 0-1: Foul Ball, location: 2F 0-2: Foul Ball, location: 2F 0-2: Foul Ball, location: 2F 0-2: Fly out, F9 (Line Drive, 89S, EV 101.3 MPH)
|
|
Batting: SHB Dwayne Hosey
|
0-0: Ball 1-0: Ground out U3 (Groundball, 3L, EV 85.6 MPH)
|
| Top of the 7th over - 0 runs, 0 hits, 0 errors, 0 left on base; Cincinnati 1 - Charlotte 0 |
| BOTTOM OF THE 7TH |
|
Charlotte Knights batting - Pitching for Cincinnati Reds : RHP Brad Radke
|
|
Batting: RHB Nomar Garciaparra
|
0-0: Foul Ball, location: 2F 0-1: Ball 1-1: Ball 2-1: Foul Ball, location: 2F 2-2: Foul Ball, location: 2F 2-2: Ball 3-2: Fly out, F3 (Popup, 3SF, EV 81.3 MPH)
|
|
Batting: RHB Shane Mack
|
0-0: Called Strike 0-1: Ball 1-1: Ball 2-1: SINGLE (Groundball, 6MD, EV 110.6 MPH)
|
|
Batting: RHB Mark Carreon
|
0-0: Ball 1-0: Foul Ball, location: 2F 1-1: Called Strike 1-2: Ball 2-2: Foul Ball, location: 2F 2-2: Grounds into double play, 5-4-3 (Groundball, 5L, EV 82.5 MPH)
|
| Bottom of the 7th over - 0 runs, 1 hit, 0 errors, 0 left on base; Cincinnati 1 - Charlotte 0 |
| TOP OF THE 8TH |
|
Cincinnati Reds batting - Pitching for Charlotte Knights : RHP Ron Robinson
|
|
Batting: LHB Fernando Vina
|
0-0: Ball 1-0: Ball 2-0: Ball 3-0: Base on Balls
|
|
Batting: RHB Scott Rolen
|
0-0: Ball 1-0: Foul Ball, location: 2F 1-1: Called Strike 1-2: Strikes out swinging
|
|
Batting: SHB Bernie Williams
|
0-0: Ball 1-0: Swinging Strike 1-1: Called Strike 1-2: Ball 2-2: Foul Ball, location: 2F 2-2: SINGLE (Line Drive, 78M, EV 93.1 MPH) Fernando Vina to second
|
|
Pitching: LHP Eric Hillman
|
|
|
Batting: LHB Bobby Higginson
|
0-0: Ball 1-0: Called Strike 1-1: Ball 2-1: Called Strike 2-2: Foul Ball, location: 2F 2-2: Strikes out looking
|
|
Pitching: RHP Matt Mantei
|
|
|
Batting: RHB Javy Lopez
|
0-0: Foul Ball, location: 2F 0-1: Called Strike 0-2: Fly out, F9 (Flyball, 9LSF, EV 90.6 MPH)
|
| Top of the 8th over - 0 runs, 1 hit, 0 errors, 2 left on base; Cincinnati 1 - Charlotte 0 |
| BOTTOM OF THE 8TH |
|
Charlotte Knights batting - Pitching for Cincinnati Reds : RHP Brad Radke
|
|
Batting: RHB Tony Batista
|
0-0: Foul Ball, location: 2F 0-1: Ball 1-1: Swinging Strike 1-2: Strikes out swinging
|
|
Batting: RHB Todd Zeile
|
0-0: Ball 1-0: Ground out 5-3 (Groundball, 5, EV 90.0 MPH)
|
|
Batting: RHB George Arias
|
0-0: Called Strike 0-1: Foul Ball, location: 2F 0-2: Ball 1-2: Strikes out swinging
|
| Bottom of the 8th over - 0 runs, 0 hits, 0 errors, 0 left on base; Cincinnati 1 - Charlotte 0 |
| TOP OF THE 9TH |
|
Cincinnati Reds batting - Pitching for Charlotte Knights : RHP Matt Mantei
|
|
Batting: LHB Fred McGriff
|
0-0: Called Strike 0-1: Foul Ball, location: 2F 0-2: Ball 1-2: Foul Ball, location: 2F 1-2: Ball 2-2: Ball 3-2: Base on Balls
|
|
Batting: SHB Scott Spiezio
|
0-0: Foul Ball, location: 2F 0-1: Foul Ball, location: 2F 0-2: Fly out, F5 (Popup, 56S, EV 68.8 MPH)
|
|
Batting: SHB Omar Vizquel
|
0-0: Ball 1-0: Ball 2-0: Fly out, F9 (Flyball, 9LD, EV 81.3 MPH)
|
|
Batting: SHB Dwayne Hosey
|
0-0: Ball 1-0: Foul Ball, location: 2F 1-1: Ball 2-1: Called Strike 2-2: Foul Ball, location: 2F 2-2: Foul Ball, location: 2F 2-2: Strikes out swinging
|
| Top of the 9th over - 0 runs, 0 hits, 0 errors, 1 left on base; Cincinnati 1 - Charlotte 0 |
| BOTTOM OF THE 9TH |
|
Charlotte Knights batting - Pitching for Cincinnati Reds : RHP Brad Radke
|
|
Pinch Hitting: SHB Orlando Merced
|
0-0: Swinging Strike 0-1: Ball 1-1: Foul Ball, location: 2F 1-2: Ball 2-2: Foul Ball, location: 2F 2-2: Ball 3-2: Foul Ball, location: 2F 3-2: Foul Ball, location: 2F 3-2: Strikes out swinging
|
|
Batting: LHB Jason Giambi
|
0-0: Ball 1-0: Foul Ball, location: 2F 1-1: Fly out, F9 (Flyball, 89D, EV 98.1 MPH)
|
|
Batting: SHB Carl Everett
|
0-0: Ground out U3 (Groundball, 3L, EV 97.5 MPH)
|
| Bottom of the 9th over - 0 runs, 0 hits, 0 errors, 0 left on base; Cincinnati 1 - Charlotte 0 |
|